 Dungeon Crawl Stone Soup version 0.31.0-12-g77e489cdc1 (webtiles) character file.

Game seed: 15280269305357129848

15054 cdecastro the Basher (level 11, -2/90 HPs)
             Began as an Armataur Warper on Mar 2, 2024.
             Was an Elder of Hepliaklqana.
             Succumbed to Nessos's poison
             ... on level 11 of the Dungeon.
             The game lasted 00:31:23 (14524 turns).

cdecastro the Basher (Armataur Warper)             Turns: 14524, Time: 00:31:23

Health: -2/90      AC: 19    Str: 21    XL:     11   Next: 96%
Magic:  13/13      EV:  6    Int: 14    God:    Hepliaklqana [****..]
Gold:   243        SH:  0    Dex:  9    Spells: 13/13 levels left

rFire   + . .        a - +2 morningstar (protect)
rCold   . . .        (no shield)
rNeg    + . .        s - +9 chain mail of Fuihooti {rF+}
rPois   +            W - +0 helmet
rElec   .            i - +0 cloak
rCorr   .            f - +0 pair of gloves
SInv    .            (no barding)
Will    .....        m - amulet of magic regeneration Stlth
                     F - ring of positive energy
HPRegen 0.35/turn    G - ring of poison resistance
MPRegen 0.53/turn

%: roll
@: lethally poisoned (-2 -> -43)
A: reduced essence, large, deformed body, tough skin 3, armoured tail, roll 2
a: Renounce Religion, Recall Ancestor, Ancestor Identity, Transference, Idealise


You were on level 11 of the Dungeon.
You worshipped Hepliaklqana.
Hepliaklqana was greatly pleased with you.
You visited 1 branch of the dungeon, and saw 12 of its levels.
You also visited: Sewer.

You collected 899 gold pieces.
You spent 656 gold pieces at shops.

Inventory:

Hand Weapons
 a - a +2 morningstar of protection (weapon)
 b - a +2 flail of holy wrath
 N - a +0 whip of freezing
Missiles
 d - 7 darts of dispersal
 x - a curare-tipped dart
 y - 24 poisoned darts (quivered)
 B - 3 throwing nets
 K - 26 boomerangs
 R - 3 atropa-tipped darts
Armour
 f - a +0 pair of gloves (worn)
 i - a +0 cloak (worn)
 s - the +9 chain mail of Fuihooti (worn) {rF+}
   (You found it on level 3 of the Dungeon)

   rF+:       It protects you from fire.
 v - an orb of light
 W - a +0 helmet (worn)
Magical Staves
 t - a staff of conjuration
 V - a staff of air
Jewellery
 m - an amulet of magic regeneration (around neck)
 F - a ring of positive energy (left hand)
 G - a ring of poison resistance (right hand)
Wands
 E - a wand of charming (11)
 O - a wand of flame (37)
 P - a wand of light (13)
 X - a wand of mindburst (10)
Scrolls
 c - 2 scrolls of blinking
 g - a scroll of enchant armour {unknown}
 k - 6 scrolls of noise {unknown}
 l - 3 scrolls of enchant weapon {unknown}
 n - 3 scrolls of teleportation
 o - 2 scrolls of summoning
 q - 4 scrolls of fog
 u - 4 scrolls of brand weapon {unknown}
 z - 5 scrolls of revelation
 A - 2 scrolls of fear {unknown}
 D - a scroll of torment {unknown}
 H - 2 scrolls of vulnerability
 L - a scroll of immolation
 M - 3 scrolls of amnesia
 S - a scroll of poison {unknown}
Potions
 e - a potion of brilliance
 h - 4 potions of haste
 j - 5 potions of heal wounds
 p - 2 potions of magic
 r - 6 potions of curing
 w - 2 potions of attraction
 C - 4 potions of resistance
 I - a potion of might {unknown}
 J - a potion of invisibility
 Q - a potion of mutation
 T - a potion of lignification {unknown}
 U - a potion of berserk rage {unknown}
 Y - 2 potions of ambrosia


   Skills:
 - Level 10.2 Fighting
 - Level 14.0 Maces & Flails
 - Level 0.8 Throwing
 - Level 1.2 Armour
 - Level 1.3 Dodging
 - Level 1.7 Spellcasting
 - Level 3.0 Translocations
 * Level 5.7 Evocations


You had 13 spell levels left.
You didn't know any spells.
Your spell library contained the following spells:

 Spells                   Type           Power      Damage    Failure   Level
 Blink                    Tloc           18%        N/A       63%         2
 Lesser Beckoning         Tloc           18%        N/A       63%         2
 Teleport Other           Tloc           9%         N/A       86%         3
 Freeze                   Ice            4%         1d3       88%         1
 Magic Dart               Conj           4%         1d3       88%         1
 Mercury Vapours          Alch/Air       2%         N/A       96%         2
 Searing Ray              Conj           2%         2d4       96%         2
 Static Discharge         Conj/Air       2%         3-4/arc   96%         2
 Frozen Ramparts          Ice            2%         1d1       99%         3
 Hailstorm                Conj/Ice       1%         3d5       99%         3
 Inner Flame              Hex/Fire       1%         N/A       99%         3
 Mephitic Cloud           Conj/Alch/Air  1%         N/A       99%         3
 Manifold Assault         Tloc           9%         N/A       99%         4
 Airstrike                Air            0%         2d(1-17)  100%        4
 Flame Wave               Conj/Fire      1%         2d4       100%        4
 Fulminant Prism          Conj/Alch      0%         3d5       100%        4
 Sticky Flame             Fire/Alch      1%         2d4       100%        4
 Summon Lightning Spire   Summ/Air       1%         N/A       100%        4
 Vhi's Electric Charge    Tloc/Air       10%        N/A       100%        4
 Freezing Cloud           Conj/Ice/Air   0%         6-21      100%        5


Dungeon Overview and Level Annotations

Branches:
Dungeon (12/15)            Temple (0/1) D:6            Lair (0/5) D:8
    Orc (0/2) D:12          Sewer (visited)

Altars:
Ashenzari
Cheibriados
Dithmenos
Elyvilon
Fedhas
Hepliaklqana
Nemelex Xobeh
Okawaru
Qazlal
Sif Muna
Uskayaw
Vehumet
Wu Jian
Yredelemnul
Zin
The Shining One

Shops:
D:1 =   D:4 :(   D:6 [   D:7 ?   D:10 ?   D:12 *

Annotations:
D:4 1 runed translucent door, Crazy Yiuf
D:6 Jeremiah
D:12 Nessos


Innate Abilities, Weirdness & Mutations

Your life essence is reduced to manifest your ancestor. (-10% HP)
Armour fits poorly on your strangely shaped body.
You have extremely tough skin. (AC +3)
You have a long armoured tail.
You regenerate magic and health when rolling toward enemies. (Rampage Regen)


Message History

Nessos blinks!
The centaur unwields a +0 spear.
The centaur wields a +2 shortbow of freezing.
It is covered in frost.
The centaur shoots an arrow.
The arrow hits you. The arrow freezes you.
Nessos shoots an arrow.
The arrow hits the centaur!
The arrow burns the centaur.
The centaur dies!
Unknown command.
Unknown command.
Nessos is no longer charmed.
Nessos shoots an arrow.
The arrow hits you but does no damage.
Nessos shoots an arrow.
The arrow hits you.
Nessos pounds the earth with their hooves.
Nessos shoots an arrow.
The arrow hits you!
You are poisoned.
Nessos shoots an arrow.
The arrow hits you!!
* * * LOW HITPOINT WARNING * * *
The arrow burns you.
You are more poisoned.
* * * LOW HITPOINT WARNING * * *
Okay, then.
Blink to where?
Press: ? - help, Dir - move target, p - Nessos
As you read the scroll of blinking, it crumbles to dust.
* * * LOW HITPOINT WARNING * * *
You feel extremely sick.
Unknown command.
You feel very sick.
Nessos shoots an arrow.
The arrow hits you!
* * * LOW HITPOINT WARNING * * *
The arrow burns you.
You are more poisoned.
* * * LOW HITPOINT WARNING * * *
Nessos shoots an arrow.
The arrow hits you.
* * * LOW HITPOINT WARNING * * *
The arrow burns you.
* * * LOW HITPOINT WARNING * * *
You climb upwards.
You die...

#################################
..#...#..#.........#...).........
..#...'..#.........'........(....
..#...#..#...########..####'##...
..#...#..#####..#...#..#..#..#...
..........#..#..'...#..#..'..#...
#########.+..#####'#####..#####..
........#.#.....@......#.<#...#..
.)......#.#'##.[.......'..#...#..
'#####..#....#......#..##.##..###
.# #..#....#####..#...#..#.....
)#####..#[.###...####...#..'.....
.....'..#.#......#..#...#..#.....
.########))......#..#..##.#####..
#########....#...#..#..#......#..
†.........####......#..').....#..


There were no monsters in sight!

Vanquished Creatures
  Josephine (D:11)
  A two-headed ogre (D:11)
  A boulder beetle (D:12)
  A gargoyle (D:10)
  4 kobold demonologists
  A komodo dragon (D:11)
  A troll (D:12)
  A hornet (D:10)
  6 yaks
  2 wyverns
  3 wraiths
  A steam dragon (D:9)
  Edmund (D:6)
  A water moccasin (D:6)
  2 orc warriors
  2 laughing skulls (D:11)
  2 ice beasts
  3 black bears
  3 ogres
  A wolf (D:7)
  A centaur (D:12)
  A phantom (D:5)
  4 kobold brigands
  2 gnoll sergeants
  3 bullfrogs
  A scorpion (D:5)
  7 wights
  11 killer bees
  7 howler monkeys
  A jelly (D:5)
  A gnoll bouda (D:5)
  7 orc priests
  3 iguanas
  10 orc wizards
  14 gnolls
  8 adders
  3 river rats (Sewer)
  2 ufetubi (D:5)
  8 ribbon worms
  5 dart slugs
  50 orcs
  7 endoplasms
  8 giant cockroaches
  7 goblins
  14 hobgoblins
  5 jackals
  17 kobolds
  2 quokkas
  9 ball pythons
  5 bats
  3 frilled lizards
  7 rats
271 creatures vanquished.

Vanquished Creatures (collateral kills)
  A deep elf pyromancer (D:11)
  Joseph (D:8)
  2 unseen horrors
  2 kobold demonologists
  2 trolls (D:12)
  A slime creature (D:12)
  3 wraiths
  A yak (D:11)
  A warg (D:8)
  A steam dragon (D:7)
  An orc warrior (D:12)
  A sky beast (D:7)
  7 centaurs (D:12)
  A wolf (D:8)
  A kobold brigand (D:11)
  2 bullfrogs
  2 wights
  6 killer bees
  4 howler monkeys
  A gnoll bouda (D:8)
  A hound (D:5)
  2 orc priests
  An iguana (D:5)
  A sleepcap (D:6)
  5 orc wizards
  9 gnolls
  An adder (D:5)
  A white imp (D:8)
  A dart slug (D:5)
  26 orcs
  A kobold (D:11)
90 creatures vanquished.

Vanquished Creatures (others)
  6 battlemagi
  5 ancestors
  An orc (D:12)
12 creatures vanquished.

Grand Total: 373 creatures vanquished

Notes
Turn   | Place    | Note
-------+----------+-------------------------------------------
     0 | D:1      | cdecastro the Armataur Warper began the quest for the Orb.
     0 | D:1      | Reached XP level 1. HP: 17/17 MP: 3/3
    51 | D:1      | Reached skill level 2 in Maces & Flails
   137 | D:1      | Reached XP level 2. HP: 14/24 MP: 4/4
   276 | D:1      | Reached skill level 3 in Maces & Flails
   416 | D:1      | Found Vialeloz's Jewellery Shop.
   618 | D:1      | Reached XP level 3. HP: 26/29 MP: 5/5
  1697 | D:3      | Reached XP level 4. HP: 35/36 MP: 6/6
  1698 | D:3      | Reached skill level 4 in Maces & Flails
  1844 | D:3      | Identified the +9 chain mail of Fuihooti {rF+}
  2059 | D:3      | Found an ornate altar of the Wu Jian Council.
  2098 | D:3      | Found a glowing drain.
  2135 | Sewer    | Entered a sewer
  2250 | Sewer    | Reached XP level 5. HP: 35/41 MP: 7/7
  2330 | Sewer    | Reached skill level 5 in Maces & Flails
  2412 | Sewer    | Reached skill level 6 in Maces & Flails
  2412 | Sewer    | Reached XP level 6. HP: 42/48 MP: 8/8
  2596 | D:3      | Found a hazy altar of Hepliaklqana.
  2603 | D:3      | Became a worshipper of Hepliaklqana the Forgotten
  2985 | D:4      | Reached skill level 7 in Maces & Flails
  3058 | D:4      | Gained mutation: You regenerate magic and health when
                  | rolling toward enemies. (Rampage Regen) [Armataur growth]
  3058 | D:4      | Reached XP level 7. HP: 53/53 MP: 9/9
  3183 | D:4      | Found Fiutel's Book Shoppe.
  3608 | D:4      | Found a runed translucent door.
  3609 | D:4      | Noticed Crazy Yiuf
  3926 | D:4      | Found Xonkin's Antique Weapon Shoppe.
  4069 | D:5      | Entered Level 5 of the Dungeon
  4413 | D:5      | Reached skill level 8 in Maces & Flails
  4553 | D:5      | Reached * piety under Hepliaklqana
  4757 | D:5      | Found a radiant altar of Vehumet.
  4898 | D:5      | Found a shimmering blue altar of Sif Muna.
  5661 | D:6      | Noticed Jeremiah
  5778 | D:5      | Reached XP level 8. HP: 28/54 MP: 10/10
  6219 | D:6      | Reached skill level 9 in Maces & Flails
  6610 | D:6      | Found a glowing golden altar of the Shining One.
  6653 | D:6      | Found a broken altar of Ashenzari.
  6688 | D:6      | Found a staircase to the Ecumenical Temple.
  7120 | D:6      | Found a shadowy altar of Dithmenos.
  7120 | D:6      | Found a white marble altar of Elyvilon.
  7145 | D:6      | Found Pelumol's Antique Armour Shop.
  7171 | D:6      | Reached skill level 10 in Maces & Flails
  7301 | D:6      | Noticed Edmund
  7331 | D:6      | Killed Edmund
  7627 | D:6      | Reached XP level 9. HP: 60/60 MP: 11/11
  7667 | D:6      | Reached skill level 11 in Maces & Flails
  7962 | D:7      | Found a stormy altar of Qazlal.
  8021 | D:7      | Noticed an angel
  8023 | D:7      | Found Fymnisch's Hallowed Reliquary.
  8050 | D:7      | Found an iron altar of Okawaru.
  8431 | D:7      | Found a basalt altar of Yredelemnul.
  8466 | D:7      | Found Deusin's Magic Scroll Shop.
  8505 | D:7      | Bought a scroll of identify for 32 gold pieces
  8505 | D:7      | Bought a scroll of teleportation for 48 gold pieces
  8505 | D:7      | Bought a scroll of revelation for 120 gold pieces
  8505 | D:7      | Bought a scroll of immolation for 64 gold pieces
  8505 | D:7      | Bought a scroll of amnesia for 64 gold pieces
  8529 | D:7      | Reached skill level 12 in Maces & Flails
  8732 | D:8      | Reached ** piety under Hepliaklqana
  8733 | D:8      | Remembered your ancestor Zimri-Dagan as a battlemage
  8751 | D:8      | Found a staircase to the Lair.
  8993 | D:8      | Found a sparkling altar of Nemelex Xobeh.
  9035 | D:8      | Found a glowing silver altar of Zin.
  9035 | D:8      | Noticed an angel
  9117 | D:8      | Noticed Joseph
  9306 | D:8      | Killed Joseph
  9307 | D:8      | Reached skill level 13 in Maces & Flails
  9308 | D:8      | Reached XP level 10. HP: 51/65 MP: 12/12
  9417 | D:8      | Found a hide-covered altar of Uskayaw.
 10304 | D:9      | Found a snail-covered altar of Cheibriados.
 10480 | D:9      | Reached skill level 14 in Maces & Flails
 10604 | D:9      | Found a blossoming altar of Fedhas.
 10741 | D:9      | Reached *** piety under Hepliaklqana
 10783 | D:9      | You fall into a shaft and drop 3 floors!
 11174 | D:12     | Reached skill level 5 in Fighting
 11561 | D:10     | Entered Level 10 of the Dungeon
 12007 | D:10     | Noticed an orange demon
 12009 | D:10     | Noticed a gargoyle
 12011 | D:10     | Noticed a soul eater
 12014 | D:10     | Noticed a sun demon
 12178 | D:10     | Reached XP level 11. HP: 82/82 MP: 13/13
 12203 | D:10     | Found Jicurodd's Magic Scroll Emporium.
 12222 | D:10     | Bought a scroll of fog for 64 gold pieces
 12222 | D:10     | Bought a scroll of summoning for 152 gold pieces
 12222 | D:10     | Bought a scroll of vulnerability for 64 gold pieces
 12244 | D:10     | Reached **** piety under Hepliaklqana
 12867 | D:11     | Noticed a sun demon
 13091 | D:11     | Noticed a soul eater
 13396 | D:11     | Noticed a two-headed ogre
 13405 | D:11     | Killed a two-headed ogre
 13541 | D:11     | Noticed a deep elf pyromancer
 13548 | D:11     | Killed a deep elf pyromancer
 13549 | D:11     | Reached skill level 10 in Fighting
 13921 | D:12     | Found a staircase to the Orcish Mines.
 14158 | D:12     | Found Yxuradwi's CLEARANCE SALE!.
 14166 | D:12     | Bought 2 potions of ambrosia for 48 gold pieces
 14167 | D:12     | Noticed a boulder beetle
 14179 | D:12     | Killed a boulder beetle
 14187 | D:12     | Noticed Josephine
 14307 | D:11     | Killed Josephine
 14347 | D:12     | Noticed Nessos
 14498 | D:12     | Reached skill level 5 in Evocations
 14524 | D:11     | Succumbed to Nessos's poison

Illustrated notes

Levels and vault maps discovered:
D:1:      evilmike_arrival_fibonacci_small, layout_basic, serial_shops, shop
D:2:      layout_loops_ring
D:3:      layout_rooms, nzn_hepliaklqana_mist_gate,
          mainiacjoe_overflow_alcove_2, gup_sewer_entry_glass,
          nicolae_elevator_lobby_asterisk
D:4:      layout_layer_cave, serial_shops, shop, shop, grunt_ministairs_1,
          wad_orctagon, uniq_crazy_yiuf_cottage
D:5:      layout_basic, old_standard_altar, led_sif_pool,
          lexackson_kobold_supper
D:6:      layout_basic, mainiacjoe_overflow_alcove_1,
          amethyst_overflow_temple_binary, tso_metal_star,
          minmay_temple_entry_fiery, serial_shops, shop, uniq_jeremiah,
          uniq_edmund
D:7:      layout_cave_pools, general_overflow_altar,
          nicolae_overflow_hidden_temple, mainiacjoe_overflow_alcove_4,
          serial_shops, shop, minmay_misc_feat_diagonals,
          nicolae_lava_and_water, nicolae_good_shop
D:8:      layout_cave_pools, marbit_many_paths, zin_angel,
          mainiacjoe_overflow_brackets, erik_lair_orcish_takeover, special_room
          [special_room_orc], uniq_joseph
D:9:      layout_irregular_city, cheibriados_altar_2, old_standard_altar
D:10:     layout_loops_cross, serial_shops, shop
D:11:     layout_grid_maze, billiards_dpeg
D:12:     cheibrodos_orc_bank, layout_irregular_city, hiddenorc2_lemuel,
          nicolae_shop_clearance, uniq_josephine, uniq_nessos

Skill      XL: |  1  2  3  4  5  6  7  8  9 10 11 |
---------------+----------------------------------+-----
Maces & Flails | 2 3 4 6 7 8 10 13 14 | 14.0
Fighting       | 7 10 | 10.2
Evocations     | 5 |  5.7
Throwing       | |  0.8
Armour         | |  1.2
Dodging        | |  1.3
Spellcasting   | |  1.7
Translocations | |  3.0

Action                     |  1- 3 |  4- 6 |  7- 9 | 10-12 || total
---------------------------+-------+-------+-------+-------++-------
  Melee: Mace              |    34 |       |       |       ||    34
         Whip              |    89 |   224 |   612 |       ||   925
         Tailslap          |    14 |    26 |   117 |    49 ||   206
         Punch             |     1 |     3 |    15 |     2 ||    21
         Morningstar       |       |       |    40 |   434 ||   474
         Flail             |       |       |    37 |       ||    37
  Throw: Dart              |       |     4 |     1 |       ||     5
 Invoke: Recall Ancestor   |       |       |    13 |    16 ||    29
         Ancestor Life: Ba |       |       |     1 |       ||     1
  Evoke: Wand              |       |       |       |     2 ||     2
    Use: Scroll            |       |       |       |    14 ||    14
   Stab: Distracted        |       |       |     1 |     5 ||     6
 Armour: Leather armour    |    49 |       |       |       ||    49
         Chain mail        |    31 |   147 |   462 |   530 ||  1170
  Dodge: Dodged            |    44 |    50 |   122 |   152 ||   368
